 Dungeon Crawl Stone Soup version 0.30-a0-772-g5528072125 (webtiles) character file.

Game seed: 7694224874075266893

40 domi the Conjurer (level 3, -1/36 HPs)
             Began as a Demonspawn Hedge Wizard on Feb 12, 2023.
             Slain by a goblin
             ... wielding a +0 club
             ... led by Robin
              (2 damage)
             ... on level 2 of the Dungeon.
             The game lasted 00:02:00 (1370 turns).

domi the Conjurer (Demonspawn Hedge Wizard)         Turns: 1370, Time: 00:02:01

Health: -1/36      AC: 21    Str: 10    XL:     3   Next: 30%
Magic:  3/7        EV:  2    Int: 17    God:
Gold:   81         SH:  0    Dex: 12    Spells: 7/8 levels left

rFire   . . .      SeeInvis .    a - +0 dagger
rCold   . . .      Faith    .    (no shield)
rNeg    . . .      Spirit   .    (body armour currently unavailable)
rPois   +          Reflect  .    (helmet currently unavailable)
rElec   .          Harm     .    (cloak currently unavailable)
rCorr   .          Rampage  .    (gloves currently unavailable)
Will    .....      NoTele   +    (boots currently unavailable)
Stlth   ++                       (no amulet)
HPRegen 0.26/turn                (no ring)
MPRegen 0.10/turn                (no ring)

@: mighty, tree-form
A: stationary, stasis, torment immunity, boosted hp, (horns 1), foul stench 1
a: no special abilities


You were on level 2 of the Dungeon.
You were a tree.
You visited 1 branch of the dungeon, and saw 2 of its levels.

You collected 81 gold pieces.

Inventory:

Hand Weapons
 a - a +0 dagger (weapon)
Armour
 b - a +0 robe (melded)
 c - a +0 hat (melded)
 f - a +0 pair of gloves
   (You found it on level 1 of the Dungeon)
Scrolls
 e - 2 scrolls of identify {unknown}
 h - a scroll of immolation {unknown}
 i - a scroll of butterflies {unknown}
Potions
 d - a potion of magic
 g - a potion of might


   Skills:
 - Level 1.7 Dodging
 - Level 1.7 Stealth
 - Level 3.0 Spellcasting
 + Level 3.3 Conjurations
 - Level 1.0 Summonings
 - Level 0.8 Translocations


You had 7 spell levels left.
You knew the following spells:

 Your Spells              Type           Power      Damage    Failure   Level
z - Magic Dart            Conj           52%        1d5       4%          1

Your spell library contained the following spells:

 Spells                   Type           Power      Damage    Failure   Level
 Sandblast                Erth           4%         2d4       17%         1
 Slow                     Hex            8%         N/A       17%         1
 Call Imp                 Summ           5%         N/A       17%         2
 Blink                    Tloc           10%        N/A       19%         2
 Cigotuvi's Dreadful Rot  Necr/Pois/Air  4%         N/A       26%         2
 Mephitic Cloud           Conj/Pois/Air  6%         N/A       32%         3
 Inner Flame              Hex/Fire       2%         N/A       45%         3
 Flame Wave               Conj/Fire      8%         2d5       65%         4
 Statue Form              Tmut/Erth      1%         N/A       100%        6


Dungeon Overview and Level Annotations

Branches:
Dungeon (2/15)

Altars:

Annotations:
D:2 Robin


Innate Abilities, Weirdness & Mutations

You are a tree.
Your roots penetrate the ground, keeping you stationary.
You cannot be teleported.
You are immune to unholy pain and torment.
Your maximum health is greatly increased.
Your equipment is partially melded.
((You have a pair of small horns on your head.))
You may rarely emit foul miasma when damaged in melee.


Message History

The magic dart hits the goblin.
You kill the goblin!
You now have 3/7 mp.
You can't see any susceptible monsters within range! (Use Z to cast anyway.)
A rat comes into view.
A rat is nearby!
A rat is nearby!
A rat is nearby!
Aim: a rat (wandering, hasn't noticed you, 100% to hit)
The magic dart hits the rat.
You kill the rat!
You now have 2/7 mp.
You can't see any susceptible monsters within range! (Use Z to cast anyway.)
You can't see any susceptible monsters within range! (Use Z to cast anyway.) Robin of the Strong Arm comes into view.
They are wielding a +0 vampiric spear.
You regained 4 mp, and now have 6/7 mp.
Robin is nearby!
Robin is nearby!
Robin is nearby!
Robin is nearby!
Aim: Robin, wielding a +0 vampiric spear, wearing a +0 animal skin and wearing a +0 helmet (wandering, hasn't noticed you, 100% to hit)
The magic dart hits Robin but does no damage.
Robin shouts!
You hear a shout! x2
Robin throws the goblin at you! The goblin hits you with a club.
You take 4 damage, and have 20/24 hp.
You now have 5/7 mp.
Aim: Robin, wielding a +0 vampiric spear, wearing a +0 animal skin and wearing a +0 helmet (100% to hit)
The magic dart hits Robin.
A goblin comes into view. It is wielding a +0 club.
The goblin hits you with a +0 club.
You take 1 damage, and have 19/24 hp.
You now have 4/7 mp.
Aim: Robin, wielding a +0 vampiric spear, wearing a +0 animal skin and wearing a +0 helmet (lightly wounded, 100% to hit)
The magic dart hits Robin.
You hear a shout!
Robin roars a battlecry!
The goblins go into a battle-frenzy!
The goblin hits you with a +0 club.
A goblin comes into view. It is wielding a +0 dagger.
You hear a shout!
You take 4 damage, and have 15/24 hp.
You now have 3/7 mp.
Aim: Robin, wielding a +0 vampiric spear, wearing a +0 animal skin and wearing a +0 helmet (moderately wounded, 100% to hit)
The magic dart hits Robin but does no damage.
The goblin shouts!
Robin throws the goblin at you! The goblin closely misses you.
The goblin hits you with a +0 dagger.
You take 2 damage, and have 13/24 hp.
You now have 2/7 mp.
You hit the goblin.
Robin says, "Kneel, worm!"
A goblin comes into view. It is wielding a +0 club.
The goblin hits you with a +0 club.
* * * LOW HITPOINT WARNING * * *
A goblin comes into view. It is wielding a +0 dagger.
The goblin barely misses you.
You take 6 damage, and have 7/24 hp.
MASSIVE DAMAGE!!
It was a potion of might.
You feel very mighty all of a sudden. Robin throws the goblin at you!
* * * LOW HITPOINT WARNING * * *
The goblin barely misses you. x2
A goblin comes into view. It is wielding a +0 club.
The goblin closely misses you.
The goblin shouts!
The goblin hits you with a +0 dagger.
* * * LOW HITPOINT WARNING * * *
You take 2 damage, and have 5/24 hp.
The goblin hits you with a +0 dagger.
* * * LOW HITPOINT WARNING * * *
You take 2 damage, and have 3/24 hp.
The goblin hits you with a +0 dagger.
* * * LOW HITPOINT WARNING * * *
You take 2 damage, and have 1/24 hp.
Okay, then.
It was a potion of lignification.
You turn into a tree.
Your +0 hat melds into your body.
Your +0 robe melds into your body.
Your roots penetrate the ground.
The goblin hits you but does no damage.
You now have 3/36 hp.
You miss the goblin. The goblin hits you but does no damage.
The goblin hits you with a +0 dagger.
* * * LOW HITPOINT WARNING * * *
You take 2 damage, and have 1/36 hp.
You hit the goblin.
You kill the goblin!
The goblin hits you with a +0 club.
* * * LOW HITPOINT WARNING * * *
You closely miss the goblin.
Robin roars a battlecry!
The goblin goes into a battle-frenzy!
The goblin hits you but does no damage.
The goblin unwields a +0 club.
The goblin wields a +0 sling.
The goblin shoots a sling bullet.
The sling bullet hits you but does no damage.
You hear a shout! x2
Okay, then.
You puncture the goblin!
You kill the goblin!
The goblin shoots a sling bullet.
The sling bullet hits you but does no damage.
You closely miss the goblin.
The goblin no longer looks unusually strong.
The goblin hits you with a +0 club.
You die...

###.## #.# #.##..####)
#.# #.##...#.g #.#
#.##....g #.# #.##g...
#.# #.##..g .. #.#
#.##†.# ..# #.#
#.##..##...#
#<############♣##).......
#.............)gg........
##############.g.........
############


You could see Robin and 2 goblins.

Vanquished Creatures
  2 adders (D:2)
  A dart slug (D:1)
  An endoplasm (D:2)
  7 goblins
  A hobgoblin (D:1)
  2 ball pythons (D:2)
  3 bats
  3 frilled lizards (D:1)
  2 rats
22 creatures vanquished.

Notes
Turn   | Place    | Note
-------+----------+-------------------------------------------
     0 | D:1      | domi the Demonspawn Hedge Wizard began the quest for the
                  | Orb.
     0 | D:1      | Reached XP level 1. HP: 13/13 MP: 4/4
   276 | D:1      | Got the Tractate on Solid Calefaction
   631 | D:1      | Reached skill level 2 in Conjurations
   822 | D:1      | Gained mutation: You have a pair of small horns on your
                  | head. [demonic ancestry]
   822 | D:1      | Reached XP level 2. HP: 19/19 MP: 3/6
  1265 | D:2      | Reached skill level 3 in Conjurations
  1265 | D:2      | Gained mutation: You may rarely emit foul miasma when
                  | damaged in melee. [demonic ancestry]
  1265 | D:2      | Reached XP level 3. HP: 24/24 MP: 2/7
  1354 | D:2      | Noticed Robin
  1361 | D:2      | HP: 5/24 [goblin/+0 dagger[Robin] (2)]
  1363 | D:2      | HP: 1/24 [goblin/+0 dagger[Robin] (2)]
  1370 | D:2      | Slain by a goblin

Illustrated notes

Levels and vault maps discovered:
D:1:      dpeg_arrival_shelter, layout_loops_corners
D:2:      layout_loops_ring, serial_park_tiny_1, minmay_ruptured, uniq_natasha,
          uniq_terence, uniq_robin

Skill      XL: |  1  2 |
---------------+-------+-----
Conjurations   | 2 3 |  3.3
Dodging        | |  1.7
Stealth        | |  1.7
Spellcasting   | |  3.0
Summonings     | |  1.0
Translocations | |  0.8

Action                     || total
---------------------------++-------
  Melee: Dagger            ||    30
   Cast: Magic Dart        ||    41
    Use: Potion            ||     2
 Armour: Robe              ||     2
         Skin              ||     5
  Dodge: Dodged            ||    20

Table legend: (Time is in decaauts)
 A = Elapsed time spent in this place.
 B = Non-inter-level travel time spent in this place.
 C = Inter-level travel time spent in this place.
 D = Time resting spent in this place.
 E = Time spent auto-exploring this place.
 F = Levels seen in this place.
 G = Mean time per level.
                   A        B        C        D        E       F      G
               +--------+--------+--------+--------+--------+-----+--------+
         Total |   1370 |   1320 |     50 |     85 |   1104 |   2 |  685.0 |
       Dungeon |   1370 |   1320 |     50 |     85 |   1104 |   2 |  685.0 |
               +--------+--------+--------+--------+--------+-----+--------+

Top non-repeatable levels by time:
     D:1: 944 daAuts
     D:2: 425 daAuts

Table legend:
 A = Kills in this place as a percentage of kills in entire the game.
 B = Kills by you in this place as a percentage of kills by you in the entire game.
 C = Kills by friends in this place as a percentage of kills by friends in the entire game.
 D = Other kills in this place as a percentage of other kills in the entire game.
 E = Experience gained in this place as a percentage of experience gained in the entire game.
 F = Experience gained in this place divided by the number of levels of this place that you have seen.
                   A       B       C       D       E      F
               +-------+-------+-------+-------+-------+----------------------
         Total | 100.0 | 100.0 |   N/A |   N/A | 100.0 |  29.0
       Dungeon | 100.0 | 100.0 |   N/A |   N/A | 100.0 |  29.0
               +-------+-------+-------+-------+-------+----------------------
